 Dungeon Crawl Stone Soup version 0.31-a0-705-ga145531891 (webtiles) character file.

Game seed: 11919830200659005637

248 rddays123 the Shield-Bearer (level 5, -2/48 HPs)
             Began as a Minotaur Fighter on Sept 9, 2023.
             Killed by nerve-wracking pain
             ... invoked by Grinder
              (8 damage)
             ... on level 3 of the Dungeon.
             The game lasted 00:02:07 (1959 turns).

rddays123 the Shield-Bearer (Minotaur Fighter)      Turns: 1959, Time: 00:02:08

Health: -2/48      AC:  7    Str: 23    XL:     5   Next: 86%
Magic:  4/4        EV:  9    Int:  5    God:
Gold:   134        SH:  4    Dex:  9    Spells: 4/4 levels left

rFire   . . .        a - +0 war axe
rCold   . . .        c - +0 buckler
rNeg    . . .        b - +0 scale mail
rPois   .            (helmet restricted)
rElec   .            (no cloak)
rCorr   +            (no gloves)
SInv    .            (no boots)
Will    .....        (no amulet) Stlth
                     k - ring of resist corrosion
HPRegen 0.28/turn    (no ring)
MPRegen 0.09/turn

%: no passive effects
@: mighty
A: horns 2, retaliatory headbutt
a: no special abilities


You were on level 3 of the Dungeon.
You visited 1 branch of the dungeon, and saw 3 of its levels.

You collected 134 gold pieces.

Inventory:

Hand Weapons
 a - a +0 war axe (weapon)
Armour
 b - a +0 scale mail (worn)
 c - a +0 buckler (worn)
 g - a +0 pair of gloves
Jewellery
 k - a ring of resist corrosion (left hand)
Scrolls
 e - a scroll of blinking {unknown}
 h - a scroll of amnesia {unknown}
 l - a scroll of immolation {unknown}
 m - a scroll of teleportation {unknown}
 n - a scroll of fear {unknown}
 p - a scroll of identify {unknown}
Potions
 f - 2 potions of curing {unknown}
 i - 2 potions of haste {unknown}
 j - a potion of lignification {unknown}
 o - a potion of heal wounds {unknown}


   Skills:
 + Level 5.0 Fighting
 + Level 4.2 Axes
 + Level 5.0 Armour
 + Level 5.1 Shields


You had 4 spell levels left.
You didn't know any spells.
Your spell library contained the following spells:

 Spells                   Type           Power      Damage    Failure   Level
 Apportation              Tloc           0%         N/A       83%         1
 Freeze                   Ice            0%         1d3       83%         1
 Necrotise                Necr           0%         1d4       83%         1
 Summon Small Mammal      Summ           0%         N/A       83%         1
 Scorch                   Fire           0%         2d5       93%         2
 Frozen Ramparts          Ice            0%         1d1       99%         3
 Hailstorm                Conj/Ice       0%         3d3       99%         3
 Flame Wave               Conj/Fire      0%         2d4       100%        4
 Summon Cactus Giant      Summ           0%         N/A       100%        6


Dungeon Overview and Level Annotations

Branches:
Dungeon (3/15)

Altars:

Annotations:
D:3 Grinder


Innate Abilities, Weirdness & Mutations

You have a pair of horns on your head.
You reflexively headbutt those who attack you in melee.


Message History

Grinder shouts!
Grinder is nearby!
Grinder is nearby!
You barely miss Grinder. Grinder hits you but does no damage.
You closely miss Grinder. Your headbutt misses Grinder. Grinder hits you.
You writhe in agony.
You closely miss Grinder. Grinder hits you.
You writhe in agony.
Grinder hits you but does no damage.
You barely miss Grinder. Grinder hits you.
You writhe in agony.
You are too injured to fight recklessly!
You are too injured to fight recklessly!
You barely miss Grinder. Grinder hits you but does no damage.
You closely miss Grinder. Grinder hits you but does no damage.
Grinder hits you.
You writhe in agony.
You hit Grinder. You headbutt Grinder!
Grinder is moderately wounded.
You block Grinder's attack.
You closely miss Grinder.
Grinder is moderately wounded.
Grinder hits you!
* * * LOW HITPOINT WARNING * * *
You writhe in agony.
* * * LOW HITPOINT WARNING * * *
You barely miss Grinder.
Grinder is moderately wounded.
Grinder gestures at you.
You barely resist.
You feel very mighty all of a sudden. Grinder misses you.
You slash Grinder!
Grinder is heavily wounded.
Grinder hits you but does no damage.
Grinder blinks!
Grinder gestures at you. Pain shoots through your body!
* * * LOW HITPOINT WARNING * * *
There is an open door here.
Grinder gestures at you. Pain shoots through your body!
You die...
Grinder says, "Now the real fun starts!"

########### #.........#
#.........#
######.........#########
................@....5>#
###..#.........#######.#
#..............# #.#
.^.P♣..........# #'#
.♣.P...........##........#
.♣♣............##........#
.....#.........+.........#
#..#.#.........#######+###
#.##.#.).......#


You could see Grinder.

Vanquished Creatures
  Sigmund (D:2)
  4 gnolls
  A worm (D:2)
  4 ball pythons (D:1)
  3 bats (D:1)
  2 giant cockroaches
  6 hobgoblins
  4 jackals (D:2)
  5 kobolds
  2 quokkas (D:1)
  2 frilled lizards
  6 goblins
  3 rats
43 creatures vanquished.

Notes
Turn   | Place    | Note
-------+----------+-------------------------------------------
     0 | D:1      | rddays123 the Minotaur Fighter began the quest for the Orb.
     0 | D:1      | Reached XP level 1. HP: 19/19 MP: 0/0
   114 | D:1      | Reached XP level 2. HP: 17/27 MP: 1/1
   429 | D:1      | Reached XP level 3. HP: 33/33 MP: 2/2
  1267 | D:2      | Noticed Sigmund
  1271 | D:2      | Killed Sigmund
  1272 | D:2      | Reached XP level 4. HP: 40/41 MP: 3/3
  1272 | D:2      | Reached XP level 5. HP: 46/47 MP: 4/4
  1285 | D:2      | Identified the +0 leather armour "Tulyphos" {Fly rF- rC++
                  | MP+9}
  1450 | D:2      | Reached skill level 5 in Shields
  1820 | D:3      | Reached skill level 5 in Fighting
  1820 | D:3      | Reached skill level 5 in Armour
  1939 | D:3      | Noticed Grinder
  1959 | D:3      | Killed from afar by Grinder

Illustrated notes

Levels and vault maps discovered:
D:1:      lemuel_arrival_river_bridge, layout_loops_ring, serial_forest,
          infiniplex_forest_lined_2, infiniplex_forest_end_3,
          infiniplex_forest_clump_double, infiniplex_forest_clump_small,
          infiniplex_forest_end_1, infiniplex_forest_lined_3,
          kennysheep_nondescript, serial_bayou_lagoon_b
D:2:      layout_basic, uniq_sigmund
D:3:      layout_basic, nicolae_ecumenical_oubliette, serial_park_tiny_2,
          uniq_grinder

Skill      XL: |  1  2  3  4  5 |
---------------+----------------+-----
Fighting       | 4 5 |  5.0
Axes           | 3 4 |  4.2
Shields        | 4 5 |  5.1
Armour         | 4 5 |  5.0

Action                     |  1- 3 |  4- 6 || total
---------------------------+-------+-------++-------
  Melee: War axe           |    60 |    40 ||   100
         Headbutt          |     9 |     6 ||    15
    Use: Potion            |       |     1 ||     1
 Armour: Scale mail        |    43 |    33 ||    76
  Dodge: Dodged            |    27 |    14 ||    41
  Block: Buckler           |     5 |     4 ||     9

Table legend: (Time is in decaauts)
 A = Elapsed time spent in this place.
 B = Non-inter-level travel time spent in this place.
 C = Inter-level travel time spent in this place.
 D = Time resting spent in this place.
 E = Time spent auto-exploring this place.
 F = Levels seen in this place.
 G = Mean time per level.
                   A        B        C        D        E       F      G
               +--------+--------+--------+--------+--------+-----+--------+
         Total |   2018 |   1974 |     44 |     26 |   1634 |   3 |  672.7 |
       Dungeon |   2018 |   1974 |     44 |     26 |   1634 |   3 |  672.7 |
               +--------+--------+--------+--------+--------+-----+--------+

Top non-repeatable levels by time:
     D:1: 1222 daAuts
     D:2: 642 daAuts
     D:3: 153 daAuts
